 Dungeon Crawl Stone Soup version 0.21-a0-286-g6fcecc0 (webtiles) character file.

693 JackS81 the Changer (level 7, -3/47 HPs)
             Began as an Octopode Transmuter on Sept 28, 2017.
             Was a Follower of Cheibriados.
             Slain by a gnoll shaman
             ... wielding a +0 club
              (8 damage)
             ... on level 5 of the Dungeon.
             The game lasted 00:21:47 (4750 turns).

JackS81 the Changer (Octopode Transmuter)           Turns: 4750, Time: 00:21:48

Health: -3/47      AC:  2    Str: 12    XL:     7   Next: 64%
Magic:  2/10       EV: 13    Int: 23    God:    Cheibriados [*.....]
Gold:   223        SH:  5    Dex: 17    Spells: 4/10 levels left

rFire    + . .     SeeInvis +     - Unarmed
rCold    . . .     Gourm    +   l - +1 buckler
rNeg     . . .     Faith    .   (helmet restricted)
rPois    +         Spirit   .   o - amulet of the gourmand
rElec    .         Reflect  .   h - ring of see invisible
rCorr    .         Harm     .   x - ring of poison resistance
MR       .....                  z - +2 ring of intelligence
Stlth    +++.......             (no ring)
HPRegen  0.15/turn              (no ring)
MPRegen  0.12/turn              (no ring)
                                (no ring)
                                (no ring)

@: very slow
A: almost no armour, stealthy swim, amphibious, 8 rings, constrict 8, camouflage
1, agile 1, fire resistance 1, robust 1, shaggy fur 1, gelatinous body 1
a: Bend Time, Renounce Religion


You were on level 5 of the Dungeon.
You worshipped Cheibriados.
Cheibriados was aware of your devotion.
You were completely stuffed.

You visited 1 branch of the dungeon, and saw 5 of its levels.

You collected 223 gold pieces.

Inventory:

Missiles
 e - 158 stones (quivered)
 p - 4 needles of frenzy
 t - 18 arrows
 u - 18 poisoned needles
 B - 6 curare-tipped needles
Armour
 l - a +1 buckler (worn)
Jewellery
 h - a ring of see invisible (left tentacle)
 o - an amulet of the gourmand (around mantle)
 x - a ring of poison resistance (right tentacle)
 z - a +2 ring of intelligence (on tentacle)
Wands
 a - a wand of acid (9/15)
 q - a wand of digging (11/24)
 w - a wand of polymorph (2/24)
Scrolls
 f - 5 scrolls of teleportation
 n - 4 scrolls of identify
 y - a scroll of blinking {unknown}
Potions
 d - 2 potions of haste {unknown}
 g - a potion of mutation
 i - 2 potions of degeneration {unknown}
 k - 3 potions of flight
 s - 3 potions of curing
 v - a potion of lignification {unknown}
 A - a potion of magic {unknown}
Books
 b - a book of Changes

   Spells                             Type                      Level
   a - Beastly Appendage              Transmutation                1
   b - Sticks to Snakes               Transmutation                2
   c - Spider Form                    Transmutation/Poison         3
   d - Ice Form                       Ice/Transmutation            4
   e - Blade Hands                    Transmutation                5
Comestibles
 c - 6 bread rations
 j - 2 royal jellies
 m - 3 fruits
 r - a meat ration
 C - a chunk of flesh


   Skills:
 - Level 1.0 Fighting
 - Level 2.0 Dodging
 + Level 0.4 Shields
 + Level 5.8 Unarmed Combat
 - Level 2.0 Spellcasting
 * Level 5.9 Transmutations
 * Level 2.3 Poison Magic
 * Level 1.5 Invocations


You had 4 spell levels left.
You knew the following spells:

 Your Spells              Type           Power        Failure   Level  Hunger
a - Beastly Appendage     Tmut           ####..       1%          1    #......
b - Sticks to Snakes      Tmut           ####....     2%          2    ##.....
c - Spider Form           Tmut/Pois      ###.......   11%         3    ###....


Dungeon Overview and Level Annotations

Branches:
Dungeon (5/15)
 Temple: D:4-7

Altars:
Cheibriados
Nemelex Xobeh
Okawaru
Wu Jian
The Shining One


Innate Abilities, Weirdness & Mutations

You cannot wear most types of armour.
You are very stealthy in the water. (Stealth+)
You are amphibious.
You can wear up to eight rings at the same time.
You can use your tentacles to constrict eight enemies at once.
Your skin changes colour to match your surroundings (Stealth+).
Your rubbery body absorbs attacks. (AC +1, EV +1)
You are agile. (Dex +2)
Your flesh is heat resistant. (rF+)
You are robust. (+10% HP)
You are covered in fur. (AC +1)


Message History

The gnoll hits your ball python with a halberd.
You tentacle-slap the gnoll shaman.
The gnoll shaman is moderately wounded.
You constrict the gnoll shaman.
Your ball python completely misses the gnoll.
Your ball python constricts the gnoll.
The gnoll shaman hits you with a club.
You tentacle-slap the gnoll shaman.
You squeeze the gnoll shaman, but do no damage.
The gnoll shaman is heavily wounded.
You constrict the gnoll shaman. The gnoll hits you with a flail!
The gnoll hits your ball python with a halberd!
Your ball python dies!
The gnoll shaman misses you. The gnoll hits you with a whip.
* * * LOW HITPOINT WARNING * * *
You release your grip on the gnoll shaman.
You block the gnoll's attack.
The gnoll hits you from afar with a halberd!
* * * LOW HITPOINT WARNING * * *
The gnoll barely misses you. The gnoll shaman hits you with a club!
You die...

#........# ##.......
#........####........
...........+........
# #.)....# #........
#.##.##..# ##.......
#..gg%...# ##.....#
####g##### ##...##
#g# ##'## #@# #.# #.#
#.# #.# ##.## ##.##
####...##
##...#######.......#
#..................#
##...#######..##.#.#
##.## #........ ###
#....##.#


You could see a gnoll shaman and 3 gnolls.

Vanquished Creatures
  A centaur (D:5)
  A centaur zombie (D:5)
  A hound (D:5)
  An orc priest (D:5)
  An orc wizard (D:5)
  A bullfrog skeleton (D:4)
  Ijyb (D:3)
  Natasha (thrice) (D:4)
  5 gnolls (D:5)
  6 adders
  2 dart slugs
  2 leopard geckos
  10 orcs
  A giant cockroach (D:4)
  8 goblins
  8 hobgoblins
  4 jackals (D:4)
  8 bats
  3 frilled lizards
  9 kobolds
  A quokka zombie (D:5)
  4 rats
81 creatures vanquished.

Vanquished Creatures (collateral kills)
  Grinder (D:5)
  The ghost of JackS81 the Changer, an amateur OpTm (D:3)
  A scorpion (D:2)
  An adder (D:2)
  A dart slug (D:3)
  2 orcs (D:5)
7 creatures vanquished.

Grand Total: 88 creatures vanquished

Notes
Turn   | Place    | Note
-------+----------+-------------------------------------------
     0 | D:1      | JackS81 the Octopode Transmuter began the quest for the Orb.
     0 | D:1      | Reached XP level 1. HP: 13/13 MP: 3/3
   244 | D:1      | Reached XP level 2. HP: 12/18 MP: 3/5
   347 | D:1      | Learned a level 2 spell: Sticks to Snakes
  1058 | D:1      | Reached XP level 3. HP: 22/23 MP: 4/6
  1465 | D:2      | Reached XP level 4. HP: 23/28 MP: 1/7
  1605 | D:2      | Learned a level 3 spell: Spider Form
  2151 | D:3      | Reached XP level 5. HP: 29/33 MP: 6/8
  2271 | D:3      | Found an iron altar of Okawaru.
  2273 | D:3      | Found a snail-covered altar of Cheibriados.
  2273 | D:3      | Found a glowing golden altar of the Shining One.
  2283 | D:3      | Found an ornate altar of the Wu Jian Council.
  2298 | D:3      | Became a worshipper of Cheibriados the Contemplative
  2469 | D:3      | Noticed JackS81's ghost (amateur OpTm)
  2480 | D:3      | Killed JackS81's ghost
  2875 | D:3      | Found a sparkling altar of Nemelex Xobeh.
  3091 | D:3      | Noticed Ijyb
  3109 | D:3      | Killed Ijyb
  3109 | D:3      | Reached XP level 6. HP: 38/38 MP: 6/9
  3324 | D:4      | Reached * piety under Cheibriados
  3324 | D:4      | Reached skill level 5 in Transmutations
  3330 | D:4      | Gained mutation: You are robust. (+10% HP) [potion of mutation]
  3330 | D:4      | Gained mutation: You are agile. (Dex +2) [potion of mutation]
  3330 | D:4      | Gained mutation: You are covered in fur. (AC +1) [potion of mutation]
  3330 | D:4      | Gained mutation: Your flesh is heat resistant. (rF+) [potion of mutation]
  3452 | D:4      | Noticed Natasha
  3459 | D:4      | Killed Natasha
  3645 | D:4      | Noticed Natasha
  3666 | D:4      | Killed Natasha
  3678 | D:4      | Noticed Natasha
  3685 | D:4      | Killed Natasha
  3685 | D:4      | Reached skill level 5 in Unarmed Combat
  3902 | D:5      | Entered Level 5 of the Dungeon
  4151 | D:5      | Reached skill level 1 in Poison Magic
  4160 | D:5      | Reached XP level 7. HP: 28/47 MP: 8/10
  4327 | D:5      | Noticed Grinder
  4360 | D:5      | Killed Grinder
  4360 | D:5      | Reached skill level 1 in Invocations
  4750 | D:5      | Slain by a gnoll shaman

Vault maps used:
D:1:      dpeg_arrival_pits, grunt_decor_arrowhead
D:2:      first_bread
D:3:      marbit_many_paths, minitemple, uniq_ijyb
D:4:      grunt_decor_mini_mirrors, grunt_decor_fettered, uniq_natasha
D:5:      chequers_temple_overflow_minitemple, uniq_grinder

Skill      XL: |  1  2  3  4  5  6  7 |
---------------+----------------------+-----
Unarmed Combat | 4 5 |  5.8
Transmutations | 3 4 5 |  5.9
Poison Magic   | 1 2 |  2.3
Invocations    | 1 |  1.5
Fighting       | |  1.0
Dodging        | |  2.0
Shields        | |  0.4
Spellcasting   | |  2.0

Action                   |  1- 3 |  4- 6 |  7- 9 || total
-------------------------+-------+-------+-------++-------
Melee: Unarmed           |    56 |   130 |    37 ||   223
       Kick              |    14 |    18 |       ||    32
       Constrict         |    17 |    16 |     2 ||    35
       Tentacles         |    13 |    10 |     1 ||    24
       Punch             |       |     2 |       ||     2
Throw: Throwing net      |     1 |       |       ||     1
       Stone             |     1 |     4 |       ||     5
 Cast: Beastly Appendage |    16 |    17 |       ||    33
       Sticks to Snakes  |     4 |     9 |    10 ||    23
       Spider Form       |       |     5 |     3 ||     8
  Use: Scroll            |     1 |    10 |       ||    11
       Potion            |       |     1 |       ||     1
 Stab: Sleeping          |     1 |       |       ||     1
       Distracted        |       |     1 |       ||     1
  Eat: Chunk             |     2 |    13 |     6 ||    21
Armor: Skin              |     3 |     5 |       ||     8
Dodge: Dodged            |    41 |    87 |    38 ||   166
Block: Buckler           |       |     7 |     5 ||    12

Table legend:
 A = Spawn XP
 B = Non-spawn XP
 C = Spawn XP percentage of total XP
 D = Spawn monster count
 E = Non-spawn monster count
 F = Spawn count percentage of total count
 G = Total turns spent on level
                    A         B        C        D         E        F      G
               +---------+---------+-------+---------+---------+-------+---------
         Total |       0 |     991 |   0.0 |       0 |      88 |   0.0 |  4750
               +---------+---------+-------+---------+---------+-------+---------
           D:1 |       0 |      36 |   0.0 |       0 |      21 |   0.0 |  1128
           D:2 |       0 |     123 |   0.0 |       0 |      20 |   0.0 |  1017
           D:3 |       0 |     171 |   0.0 |       0 |      17 |   0.0 |  1032
           D:4 |       0 |     155 |   0.0 |       0 |      10 |   0.0 |   725
           D:5 |       0 |     506 |   0.0 |       0 |      20 |   0.0 |   848
               +---------+---------+-------+---------+---------+-------+---------
